 Dungeon Crawl Stone Soup version 0.30-a0-989-g0d87f670db (webtiles) character file.

Game seed: 5317992850655124060

35359 Newt the Thaumaturge (level 13, -1/77 HPs)
             Began as a Demonspawn Venom Mage on Apr 3, 2023.
             Was an Elder of Hepliaklqana.
             Slain by a komodo dragon (13 damage)
             ... on level 4 of the Lair of Beasts.
             The game lasted 00:42:39 (23340 turns).

Newt the Thaumaturge (Demonspawn Venom Mage)       Turns: 23340, Time: 00:42:39

Health: -1/77      AC: 10    Str:  8    XL:     13   Next: 47%
Magic:  30/30      EV: 29    Int: 21    God:    Hepliaklqana [****..]
Gold:   1057       SH:  0    Dex: 15    Spells: 22/38 levels left

rFire   . . .      SeeInvis +    c - staff of earth
rCold   . . .      Faith    .    (no shield)
rNeg    + . .      Spirit   .    y - +2 robe {rN+}
rPois   .          Reflect  .    (no helmet)
rElec   +          Rampage  .    o - +0 cloak
rCorr   .                        D - +0 pair of gloves
Will    +....                    (no boots)
Stlth   ++                       u - amulet of the acrobat
HPRegen 0.32/turn                s - ring of see invisible
MPRegen 0.22/turn                x - ring of willpower

@: lethally poisoned (-1 -> -4), acrobatic
A: reduced essence, thin metallic scales 3, ignite blood 2, powered by pain 2,
weakness stinger 2
a: Renounce Religion, Recall Ancestor, Ancestor Identity, Transference, Idealise


You were on level 4 of the Lair of Beasts.
You worshipped Hepliaklqana.
Hepliaklqana was greatly pleased with you.
You visited 3 branches of the dungeon, and saw 16 of its levels.
You also visited: Bailey.

You collected 1057 gold pieces.

Inventory:

Missiles
 t - 13 throwing nets
Armour
 a - a +1 robe
 e - the +13 chain mail of Classification {rC+}
   (You found it on level 10 of the Dungeon)

   rC:        It protects you from cold.
 o - a +0 cloak (worn)
 y - a +2 robe of positive energy (worn)
 D - a +0 pair of gloves (worn)
 E - a +1 robe of willpower
Magical Staves
 c - a staff of earth (weapon)
Jewellery
 m - a ring of ice
 r - a +4 ring of protection
 s - a ring of see invisible (left hand)
 u - an amulet of the acrobat (around neck)
 x - a ring of willpower (right hand)
 F - a ring of positive energy
Wands
 g - a wand of paralysis (16)
 v - a wand of iceblast (5)
 C - a wand of flame (19)
 H - a wand of polymorph (7)
Scrolls
 d - 3 scrolls of fog
 f - a scroll of amnesia
 k - 3 scrolls of enchant armour
 p - 8 scrolls of identify
 q - 4 scrolls of blinking
 w - 5 scrolls of teleportation
 z - 3 scrolls of brand weapon
 G - a scroll of fear
Potions
 b - a potion of magic
 h - 3 potions of mutation
 i - 3 potions of haste
 j - 3 potions of attraction
 l - 3 potions of resistance
 n - a potion of flight
 A - a potion of berserk rage
 B - 2 potions of degeneration
 I - a potion of ambrosia


   Skills:
 - Level 3.0 Fighting
 - Level 6.0 Dodging
 - Level 2.0 Stealth
 - Level 13.3 Spellcasting
 - Level 4.2 Summonings
 - Level 6.0 Transmutations
 - Level 3.0 Air Magic
 - Level 9.2 Earth Magic
 + Level 10.6 Poison Magic
 - Level 4.4 Evocations


You had 22 spell levels left.
You knew the following spells:

 Your Spells              Type           Power      Damage    Failure   Level
a - Sting                 Tmut/Pois      100%       1d8       1%          1
b - Poisonous Vapours     Pois/Air       84%        N/A       1%          2
c - Olgreb's Toxic Radia  Pois           56%        N/A       1%          4
d - Lee's Rapid Deconstr  Erth           34%        3d17*     2%          5
e - Animate Armour        Summ/Erth      100%       N/A       2%          4

Your spell library contained the following spells:

 Spells                   Type           Power      Damage    Failure   Level
 Mephitic Cloud           Conj/Pois/Air  33%        N/A       2%          3
 Kindle Blastsparks       Fire/Tloc/Air  36%        2d13      9%          3
 Summon Lightning Spire   Summ/Air       29%        N/A       11%         4
 Blade Hands              Tmut           19%        N/A       11%         5
 Airstrike                Air            13%        2d(2-18)  13%         4
 Dazzling Flash           Conj/Hex       28%        N/A       14%         3
 Fulminant Prism          Conj/Hex       7%         3d7       41%         4
 Iskenderun's Mystic Bla  Conj/Tloc      14%        2d5       41%         4
 Plasma Beam              Fire/Air       10%        2x1d15    56%         5
 Iron Shot                Conj/Erth      25%        9d5       71%         6
 Starburst                Conj/Fire      7%         6d4       100%        6


Dungeon Overview and Level Annotations

Branches:
Dungeon (10/15)            Temple (1/1) D:5            Lair (5/5) D:9
  Swamp (0/4) Lair:3        Snake (0/4) Lair:3       Bailey (visited)
  Slime: Lair:4-5       Orc: D:9-12

Altars:
Ashenzari
Cheibriados
Dithmenos
Fedhas
Gozag
Hepliaklqana
Kikubaaqudgha
Makhleb
Nemelex Xobeh
Okawaru
Qazlal
Ru
Sif Muna
Trog
Uskayaw
Vehumet
Wu Jian
Xom
Yredelemnul

Shops:
D:5 [

Annotations:
D:5 1 runed translucent door, pigah's ghost, novice OpWn


Innate Abilities, Weirdness & Mutations

Your life essence is reduced to manifest your ancestor. (-10% HP)
You are completely covered in thin metallic scales. (AC +4, rElec)
Your demonic aura often causes spilled blood to erupt in flames.
You sometimes gain power by taking damage.
You have a tail ending in a sharp stinger.


Message History

You climb downwards.
The water moccasin bites you but does no damage.
The water moccasin bites you.
You are poisoned.
The water moccasin poisons you!
The komodo dragon bites you but does no damage.
The komodo dragon bites you! The water moccasin bites you.
The water moccasin completely misses you.
The komodo dragon barely misses you.
The komodo dragon hisses menacingly.
The komodo dragon misses you.
There is a stone staircase leading up, spattered with blood here.
You feel very sick. The water moccasin bites you.
The water moccasin closely misses you.
Edwyna hits the water moccasin with a +0 flail!
The water moccasin is engulfed in blazing flames.
The water moccasin closely misses you. The komodo dragon bites you!
The komodo dragon bites you but does no damage.
You climb upwards.
You feel very sick.
There is a stone staircase leading down here.
Casting: Lee's Rapid Deconstruction (dangerous; 2% risk of failure)
Confirm with . or Enter, or press ? or * to list all spells.
You feel a surge of power!
You feel sick.
The water moccasin bites you but does no damage. x2
Edwyna hits the water moccasin with a +0 flail!
The water moccasin dies!
The water moccasin barely misses you. The komodo dragon closely misses you.
The komodo dragon bites you!!
* * * LOW HITPOINT WARNING * * *
You focus on the pain.
You feel your power returning.
Unknown command.
You feel sick.
The komodo dragon is engulfed in blazing flames.
The komodo dragon bites Edwyna!!
The komodo dragon misses you.
Unknown command.
You feel sick.
Edwyna hits the komodo dragon with a +0 flail!
The komodo dragon bites you!
You die...

.................................
.................................
..#..#.#P#.#####.........##...#.#
#.########.# ##...[....####.####
.## ### #........## ### ##
##.......## ## #........# .#
#.......## ## #@......## ##
#Sl.....P# .# #§R....P## P#
##.l.....## ## #.[.§....P# .#
##.......## .# ##........# ##
#........## # #........#


You could see the friendly Edwyna the knight, 2 komodo dragons, a water moccasin
(ally target) and a friendly animated robe (summoned).

Vanquished Creatures
  A ghost crab (Lair:3)
  2 two-headed ogres
  A catoblepas (Lair:1)
  6 death yaks
  Urug (Lair:2)
  Sonja (Lair:4)
  11 elephants
  3 black mambas
  3 cane toads
  4 komodo dragons
  A kobold demonologist (D:6)
  A polar bear (Lair:4)
  Prince Ribbit (D:7)
  A hornet (D:8)
  A shadow (D:10)
  28 yaks
  A steam dragon (D:5)
  2 wyverns
  Grum (D:8)
  A basilisk (Lair:3)
  A vampire mosquito (D:10)
  An acid dragon (D:9)
  7 nagas (Lair:3)
  11 water moccasins
  An ice beast (D:5)
  An orc warrior (D:8)
  A sky beast (D:6)
  A black bear (Lair:4)
  2 ogres (D:5)
  13 wolves
  2 centaurs (D:6)
  2 phantoms
  A lemure (D:7)
  A kobold brigand (D:8)
  9 bullfrogs
  9 gnoll sergeants
  3 scorpions
  3 wights (D:10)
  2 electric eels
  3 howler monkeys (D:9)
  5 hounds
  2 quasits (D:4)
  10 gnoll boudas
  2 orc priests
  3 iguanas
  3 orc wizards
  4 hell rats (Lair:3)
  30 gnolls
  An adder (D:2)
  3 shadow imps
  A white imp (D:6)
  An ufetubus (D:4)
  5 worms
  A dart slug (D:1)
  23 orcs
  3 bats
  6 endoplasms
  7 giant cockroaches
  8 goblins
  7 hobgoblins
  8 jackals
  2 quokkas
  6 ball pythons
  3 frilled lizards
  10 kobolds
  A rat (D:3)
300 creatures vanquished.

Vanquished Creatures (collateral kills)
  Josephine (D:10)
  A catoblepas (Lair:1)
  2 death yaks
  A skyshark (Lair:4)
  A spectral hydra (Lair:3)
  Pikel (D:7)
  A torpor snail (Lair:4)
  4 elephants
  6 wraiths (D:10)
  A wyvern (D:9)
  6 yaks
  A shadow (D:9)
  A spectral komodo dragon (Lair:3)
  A vampire mosquito (D:10)
  4 water moccasins
  An orc warrior (D:10)
  4 wolves
  A centaur (D:10)
  A gnoll sergeant (Bailey)
  6 wights (D:10)
  2 howler monkeys
  A hound (Bailey)
  An orc wizard (D:9)
  An iguana (D:7)
  4 gnolls
54 creatures vanquished.

Vanquished Creatures (others)
  9 knights
  6 ancestors
  2 demonic plants (D:4)
  19 fungi
  27 plants
63 creatures vanquished.

Grand Total: 417 creatures vanquished

Notes
Turn   | Place    | Note
-------+----------+-------------------------------------------
     0 | D:1      | Newt the Demonspawn Venom Mage began the quest for the Orb.
     0 | D:1      | Reached XP level 1. HP: 13/13 MP: 3/3
   451 | D:1      | Gained mutation: You are partially covered in thin metallic
                  | scales. (AC +2) [demonic ancestry]
   451 | D:1      | Reached XP level 2. HP: 17/19 MP: 1/5
  1595 | D:2      | Gained mutation: Your demonic aura sometimes causes spilled
                  | blood to erupt in flames. [demonic ancestry]
  1595 | D:2      | Reached XP level 3. HP: 24/24 MP: 3/6
  1989 | D:2      | Learned a level 2 spell: Poisonous Vapours
  2347 | D:2      | Found a faded altar of an unknown god.
  2869 | D:2      | Reached skill level 3 in Spellcasting
  3459 | D:3      | Found a burning altar of Makhleb.
  3461 | D:3      | Found a shimmering blue altar of Sif Muna.
  3517 | D:3      | Reached XP level 4. HP: 30/30 MP: 8/8
  3647 | D:3      | Found a shadowy altar of Dithmenos.
  3702 | D:3      | Found a bloodstained altar of Trog.
  3975 | D:3      | Found a snail-covered altar of Cheibriados.
  4459 | D:4      | Reached XP level 5. HP: 12/35 MP: 0/10
  4669 | D:4      | Learned a level 4 spell: Olgreb's Toxic Radiance
  4730 | D:4      | Found an iron altar of Okawaru.
  4803 | D:4      | Reached skill level 5 in Poison Magic
  5201 | D:4      | You fall into a shaft and drop 3 floors!
  5220 | D:6      | Gained mutation: You are mostly covered in thin metallic
                  | scales. (AC +3) [demonic ancestry]
  5220 | D:6      | Reached XP level 6. HP: 12/41 MP: 1/11
  5391 | D:5      | Entered Level 5 of the Dungeon
  5400 | D:5      | Found Jaisot's Antique Armour Shop.
  5494 | D:5      | Reached skill level 4 in Spellcasting
  5558 | D:5      | Reached skill level 5 in Spellcasting
  5558 | D:5      | Reached skill level 1 in Transmutations
  5558 | D:5      | Gained mutation: You sometimes gain a little power by
                  | taking damage. [demonic ancestry]
  5558 | D:5      | Reached XP level 7. HP: 15/46 MP: 2/14
  5830 | D:5      | Found an opulent altar of Gozag.
  5860 | D:5      | Noticed a steam dragon
  5878 | D:5      | Killed a steam dragon
  6374 | D:5      | Gained mutation: You sometimes gain power by taking damage.
                  | [demonic ancestry]
  6374 | D:5      | Reached XP level 8. HP: 45/52 MP: 7/15
  6428 | D:5      | Found a runed translucent door.
  6471 | D:5      | Found a staircase to the Ecumenical Temple.
  6479 | Temple   | Entered the Ecumenical Temple
  6646 | Temple   | Became a worshipper of Hepliaklqana the Forgotten
  7236 | D:5      | Reached skill level 6 in Spellcasting
  7499 | D:5      | Noticed pigah's ghost (novice OpWn)
  7796 | D:6      | Noticed a kobold demonologist
  7811 | D:6      | Killed a kobold demonologist
  7812 | D:6      | Reached skill level 7 in Spellcasting
  7937 | D:6      | Paralysed by a centaur for 3 turns
  7950 | D:6      | Reached skill level 8 in Spellcasting
  8344 | D:6      | Reached * piety under Hepliaklqana
  8477 | D:6      | Gained mutation: You have a small tail. [demonic ancestry]
  8477 | D:6      | Reached XP level 9. HP: 51/51 MP: 1/21
  9282 | D:7      | Noticed Prince Ribbit
  9286 | D:7      | Killed Prince Ribbit
  9372 | D:7      | Noticed Pikel
  9387 | D:7      | Killed Pikel
 10774 | D:8      | Reached skill level 10 in Poison Magic
 10819 | D:8      | Noticed Grum
 10825 | D:8      | Killed Grum
 10826 | D:8      | Gained mutation: Your demonic aura often causes spilled
                  | blood to erupt in flames. [demonic ancestry]
 10826 | D:8      | Reached XP level 10. HP: 32/63 MP: 7/22
 11198 | D:8      | Noticed a two-headed ogre
 11207 | D:8      | Killed a two-headed ogre
 11208 | D:8      | Reached skill level 5 in Transmutations
 11475 | D:9      | Found a staircase to the Lair.
 11499 | D:8      | Reached skill level 5 in Dodging
 11716 | D:9      | Found a flagged portal.
 11726 | Bailey   | Entered a bailey
 12427 | Bailey   | Reached skill level 9 in Spellcasting
 12802 | D:9      | Reached ** piety under Hepliaklqana
 12805 | D:9      | Remembered your ancestor Edwyna as a knight
 13158 | D:10     | Entered Level 10 of the Dungeon
 13471 | D:10     | Gained mutation: You have a tail ending in a sharp stinger.
                  | [demonic ancestry]
 13471 | D:10     | Reached XP level 11. HP: 34/67 MP: 14/24
 13663 | D:10     | Noticed Josephine
 13669 | D:10     | Reached skill level 10 in Spellcasting
 13671 | D:10     | Killed Josephine
 14431 | D:10     | Identified the +13 chain mail of Classification {rC+}
 14480 | D:10     | Noticed a two-headed ogre
 14492 | D:10     | HP: 1/67 [two-headed ogre/+0 giant club (19)]
 14492 | D:10     | Killed a two-headed ogre
 15336 | Lair:1   | Entered Level 1 of the Lair of Beasts
 15651 | Lair:1   | Reached skill level 5 in Earth Magic
 15731 | Lair:1   | Noticed a catoblepas
 15757 | Lair:1   | Killed a catoblepas
 16044 | Lair:1   | Learned a level 5 spell: Lee's Rapid Deconstruction
 16182 | Lair:1   | Learned a level 4 spell: Animate Armour
 16212 | Lair:1   | Reached skill level 1 in Summonings
 17324 | Lair:1   | Noticed a catoblepas
 17335 | Lair:1   | Killed a catoblepas
 17336 | Lair:1   | Reached skill level 1 in Air Magic
 17605 | Lair:2   | Gained mutation: You are completely covered in thin
                  | metallic scales. (AC +4, rElec) [demonic ancestry]
 17605 | Lair:2   | Reached XP level 12. HP: 72/72 MP: 3/26
 17873 | Lair:2   | Reached *** piety under Hepliaklqana
 19367 | Lair:3   | Noticed Urug
 19374 | Lair:3   | Noticed a death yak
 19375 | Lair:3   | Noticed a death yak
 19377 | Lair:3   | Noticed a death yak
 19394 | Lair:2   | Killed Urug
 19527 | Lair:3   | Noticed a death yak
 19528 | Lair:3   | Noticed a death yak
 19538 | Lair:2   | Killed a death yak
 19925 | Lair:3   | Found a staircase to the Snake Pit.
 19957 | Lair:3   | Noticed a death yak
 19972 | Lair:3   | Killed a death yak
 19976 | Lair:3   | Killed a death yak
 19984 | Lair:3   | Killed a death yak
 19992 | Lair:2   | Killed a death yak
 19993 | Lair:2   | Reached skill level 11 in Spellcasting
 20230 | Lair:3   | Killed a death yak
 20827 | Lair:3   | Noticed a ghost crab
 21390 | Lair:3   | Killed a ghost crab
 21691 | Lair:3   | Found a staircase to the Swamp.
 21808 | Lair:4   | Noticed Sonja
 21815 | Lair:4   | Killed Sonja
 21816 | Lair:4   | Reached XP level 13. HP: 47/76 MP: 11/28
 21822 | Lair:4   | Reached skill level 12 in Spellcasting
 22390 | Lair:4   | Reached **** piety under Hepliaklqana
 22410 | Lair:4   | Reached skill level 13 in Spellcasting
 22603 | Lair:4   | You fall into a shaft and drop 1 floor!
 22603 | Lair:5   | Entered Level 5 of the Lair of Beasts
 23340 | Lair:4   | Slain by a komodo dragon

Illustrated notes

Levels and vault maps discovered:
D:1:      minmay_arrival_floating_metal, layout_loops_cross,
          serial_co_window_serial, co_window_corner_a, co_window_paths_b,
          co_window_paths_a, co_window_corner_a, co_window_paths_b,
          co_window_cross_4, co_window_unsneaky_path_d, co_window_2corner,
          co_window_broadway_a, co_window_4corner_b
D:2:      layout_basic, hellmonk_ecumenical_altar_zigzags,
          serial_park_tiny_pond, nicolae_concentric_dashed_squares_mild
D:3:      layout_loops_ring, slow_altar_2, gammafunk_temple_overflow_forgotten,
          chequers_temple_overflow_statue_of_worship, minmay_door_square
D:4:      layout_basic, lemuel_crystal_altar, serial_demonic, serial_demonic_e,
          serial_demonic_a, serial_demonic_c, serial_demonic_g,
          serial_demonic_g, serial_bayou_crossing
D:5:      layout_rooms, grunt_gozag_breadcrumbs, minmay_temple_entry_overgrown,
          ebering_ghost_reflecting_pool, serial_shops, shop, eino_curves_01
D:6:      layout_gridville, nicolae_elyvilon_temple_path,
          chequers_serial_rivers_small_a
D:7:      layout_basic, uniq_pikel, uniq_prince_ribbit1
D:8:      layout_loops_cross, uniq_grum
D:9:      layout_long_grid, lair_entry_dummy, enter_bailey_2
D:10:     layout_gridville, uniq_josephine
Temple:   hellmonk_temple_forest_ring
Lair:1:   layout_small_grid, serial_rivers, chequers_serial_rivers_micro_e,
          chequers_serial_rivers_micro_c, chequers_serial_rivers_micro_b,
          chequers_serial_rivers_small_b, chequers_serial_rivers_micro_d,
          chequers_serial_rivers_micro_d, infiniplex_staircase_pool
Lair:2:   layout_loops_ring
Lair:3:   layout_gridlike, nicolae_swamp_entry_spooky,
          minmay_snake_entry_guardpost_medium, minivault_11,
          cheibrodos_lair_caveside_slide, uniq_urug
Lair:4:   layout_big_grid, uniq_sonja
Lair:5:   minmay_lair_end_frog_pond, layout_regular_city, slime_entry_2

Skill      XL: |  1  2  3  4  5  6  7  8  9 10 11 12 13 |
---------------+----------------------------------------+-----
Stealth        | 2 |  2.0
Spellcasting   | 3 5 8 9 10 11 13 | 13.3
Poison Magic   | 4 5 6 10 | 10.6
Transmutations | 1 4 6 |  6.0
Dodging        | 3 4 6 |  6.0
Fighting       | 3 |  3.0
Evocations     | 4 |  4.4
Earth Magic    | 6 9 |  9.2
Summonings     | 4 |  4.2
Air Magic      | 2 3 |  3.0

Action                     |  1- 3 |  4- 6 |  7- 9 | 10-12 | 13-15 || total
---------------------------+-------+-------+-------+-------+-------++-------
  Melee: Staff             |   188 |   174 |   151 |   166 |    15 ||   694
         Unarmed           |    13 |       |       |       |       ||    13
         Punch             |     1 |     1 |     3 |     4 |       ||     9
         Tailslap          |       |       |     4 |    43 |     4 ||    51
   Cast: Sting             |    31 |    27 |    77 |   215 |     3 ||   353
         Poisonous Vapours |    10 |    35 |   100 |   208 |    27 ||   380
         Olgreb's Toxic Ra |       |       |    17 |    34 |    10 ||    61
         Lee's Rapid Decon |       |       |       |    30 |     4 ||    34
         Animate Armour    |       |       |       |    12 |     5 ||    17
 Invoke: Recall Ancestor   |       |       |     1 |     5 |     3 ||     9
         Ancestor Life: Kn |       |       |       |     1 |       ||     1
  Evoke: Wand              |       |       |       |     8 |       ||     8
    Use: Scroll            |    10 |     2 |     8 |     3 |     1 ||    24
         Potion            |     1 |     3 |     6 |     5 |       ||    15
   Stab: Sleeping          |     6 |     1 |     1 |       |       ||     8
         Distracted        |       |       |       |     1 |       ||     1
 Armour: Robe              |    55 |   110 |    83 |    98 |    22 ||   368
         Skin              |       |    76 |       |       |       ||    76
  Dodge: Dodged            |   164 |   169 |   158 |   362 |    73 ||   926

Table legend: (Time is in decaauts)
 A = Elapsed time spent in this place.
 B = Non-inter-level travel time spent in this place.
 C = Inter-level travel time spent in this place.
 D = Time resting spent in this place.
 E = Time spent auto-exploring this place.
 F = Levels seen in this place.
 G = Mean time per level.
                   A        B        C        D        E       F      G
               +--------+--------+--------+--------+--------+-----+--------+
         Total |  23578 |  22892 |    686 |   9187 |  10357 |  17 | 1386.9 |
       Dungeon |  14518 |  14051 |    467 |   4559 |   7194 |  10 | 1451.8 |
        Temple |    185 |    150 |     35 |      0 |    139 |   1 |  185.0 |
          Lair |   7940 |   7757 |    183 |   4094 |   2760 |   5 | 1588.0 |
        Bailey |    933 |    933 |      0 |    534 |    264 |   1 |  933.0 |
               +--------+--------+--------+--------+--------+-----+--------+

Top non-repeatable levels by time:
  Lair:1: 2582 daAuts
    D:10: 1938 daAuts
  Lair:4: 1902 daAuts
     D:5: 1845 daAuts
  Lair:2: 1737 daAuts
  Lair:3: 1704 daAuts
     D:1: 1601 daAuts
     D:2: 1548 daAuts
     D:6: 1546 daAuts
     D:4: 1398 daAuts
     D:8: 1279 daAuts
     D:7: 1251 daAuts
     D:3: 1082 daAuts
     D:9: 1026 daAuts
  Bailey: 933 daAuts
